| TOP OF THE 1ST |
|
Minot Jets batting - Pitching for Billings Mustangs : LHP Rick Felt
|
|
Pitching: LHP Rick Felt
|
|
|
Batting: RHB Tony Beal
|
0-0: SINGLE (Groundball, 4M, EV 103.8 MPH) (infield hit)
|
|
Batting: SHB Ken Kinnard
|
0-0: Fly out, F8 (Flyball, 78D, EV 83.1 MPH)
|
|
Batting: RHB William Phillips
|
0-0: Ball 1-0: Grounds into double play, 5-4-3 (Groundball, 56, EV 87.5 MPH)
|
| Top of the 1st over - 0 runs, 1 hit, 0 errors, 0 left on base; Minot 0 - Billings 0 |
| BOTTOM OF THE 1ST |
|
Billings Mustangs batting - Pitching for Minot Jets : RHP Ozzie Canseco
|
|
Pitching: RHP Ozzie Canseco
|
|
|
Batting: SHB Terrence Derby
|
0-0: Ground out 4-3 (Groundball, 34, EV 98.8 MPH)
|
|
Batting: RHB Joseph Kramer
|
0-0: SINGLE (Groundball, 56D, EV 102.5 MPH)
|
|
Batting: LHB Dave Verkuilen
|
0-0: Ball 1-0: Ball 2-0: Ball 3-0: Called Strike 3-1: Base on Balls Joseph Kramer to second
|
|
Batting: RHB James Hudson
|
0-0: SINGLE (Groundball, 6MD, EV 99.4 MPH) Joseph Kramer to third Dave Verkuilen to second Runner from 3rd tries for Home, SAFE, throw by CF to home
|
|
Batting: RHB Timothy Smith
|
0-0: Called Strike 0-1: Fly out, F7 (Flyball, 7, EV 96.3 MPH)
|
|
Batting: RHB Randy Day
|
0-0: Foul Ball, location: 2F 0-1: Ball 1-1: Ball 2-1: Ball 3-1: Base on Balls Dave Verkuilen to third James Hudson to second
|
|
Batting: RHB Thomas Bocock
|
0-0: Ball 1-0: Swinging Strike 1-1: Ball 2-1: Ground out U3 (Groundball, 3L, EV 83.8 MPH)
|
| Bottom of the 1st over - 1 run, 2 hits, 0 errors, 3 left on base; Minot 0 - Billings 1 |
| TOP OF THE 2ND |
|
Minot Jets batting - Pitching for Billings Mustangs : LHP Rick Felt
|
|
Batting: SHB Howard Elwess
|
0-0: Called Strike 0-1: Ball 1-1: Called Strike 1-2: Ground out 6-3 (Groundball, 6S, EV 78.1 MPH)
|
|
Batting: LHB Theodore Milner
|
0-0: Called Strike 0-1: Fly out, F8 (Line Drive, 8LD, EV 98.8 MPH)
|
|
Batting: RHB Andrew Snaith
|
0-0: Ball 1-0: Ball 2-0: Reached via error on a dropped throw from 1B, E1 (Groundball, 34S, EV 77.5 MPH)
|
|
Batting: RHB Van Starnes
|
0-0: Swinging Strike 0-1: Ball 1-1: Called Strike 1-2: Ball 2-2: Foul Ball, location: 2F 2-2: Ball Andrew Snaith steals 2nd base 3-2: Base on Balls
|
|
Batting: RHB Henry Gatewood
|
0-0: Called Strike 0-1: Swinging Strike 0-2: Foul Ball, location: 2F 0-2: Ball 1-2: Fly out, F6 (Flyball, 56D, EV 95.0 MPH)
|
| Top of the 2nd over - 0 runs, 0 hits, 1 error, 2 left on base; Minot 0 - Billings 1 |
| BOTTOM OF THE 2ND |
|
Billings Mustangs batting - Pitching for Minot Jets : RHP Ozzie Canseco
|
|
Batting: RHB Leonidas Nolasco
|
0-0: Ball 1-0: Called Strike 1-1: SINGLE (Groundball, 4M, EV 100.6 MPH) (infield hit)
|
|
Batting: RHB Brian Milner
|
0-0: Ground out U3 (Groundball, 3, EV 80.0 MPH) Leonidas Nolasco to second
|
|
Batting: SHB Terrence Derby
|
0-0: Fly out, F9 (Flyball, 89S, EV 89.4 MPH)
|
|
Batting: RHB Joseph Kramer
|
0-0: Ball 1-0: DOUBLE (Line Drive, 9LS, EV 91.9 MPH) Leonidas Nolasco scores
|
|
Batting: LHB Dave Verkuilen
|
0-0: Ball 1-0: Called Strike 1-1: Foul Ball, location: 2F 1-2: Fly out, F8 (Line Drive, 8LM, EV 100.6 MPH)
|
| Bottom of the 2nd over - 1 run, 2 hits, 0 errors, 1 left on base; Minot 0 - Billings 2 |
| TOP OF THE 3RD |
|
Minot Jets batting - Pitching for Billings Mustangs : LHP Rick Felt
|
|
Batting: RHB Jesus Aybar
|
0-0: Ground out 5-3 (Groundball, 56, EV 91.3 MPH)
|
|
Batting: RHB Tony Beal
|
0-0: Ball 1-0: Called Strike 1-1: Called Strike 1-2: Ball 2-2: DOUBLE (Flyball, 89XD, EV 107.5 MPH)
|
|
Batting: SHB Ken Kinnard
|
0-0: Ball Tony Beal is caught stealing 3rd base 2-5 1-0: Foul Ball, location: 2F 1-1: Ball 2-1: Fly out, F9 (Flyball, 9LD, EV 81.3 MPH)
|
| Top of the 3rd over - 0 runs, 1 hit, 0 errors, 0 left on base; Minot 0 - Billings 2 |
| BOTTOM OF THE 3RD |
|
Billings Mustangs batting - Pitching for Minot Jets : RHP Ozzie Canseco
|
|
Batting: RHB James Hudson
|
0-0: Ball 1-0: Called Strike 1-1: Fly out, F9 (Flyball, 89D, EV 96.9 MPH)
|
|
Batting: RHB Timothy Smith
|
0-0: Fly out, F7 (Flyball, 7S, EV 93.1 MPH)
|
|
Batting: RHB Randy Day
|
0-0: Fly out, F8 (Flyball, 89D, EV 78.8 MPH)
|
| Bottom of the 3rd over - 0 runs, 0 hits, 0 errors, 0 left on base; Minot 0 - Billings 2 |
| TOP OF THE 4TH |
|
Minot Jets batting - Pitching for Billings Mustangs : LHP Rick Felt
|
|
Batting: RHB William Phillips
|
0-0: Called Strike 0-1: Ball 1-1: Ball 2-1: Ball 3-1: Called Strike 3-2: SINGLE (Groundball, 6MD, EV 110.0 MPH)
|
|
Batting: SHB Howard Elwess
|
0-0: Ball 1-0: Ball 2-0: SINGLE (Line Drive, 7S, EV 89.4 MPH) William Phillips to second
|
|
Batting: LHB Theodore Milner
|
0-0: Called Strike 0-1: Called Strike 0-2: Ball 1-2: Ball 2-2: DOUBLE (Line Drive, 7LM, EV 109.4 MPH) William Phillips scores Howard Elwess to third
|
|
Batting: RHB Andrew Snaith
|
0-0: Ground out 3-1 (Groundball, 34, EV 86.3 MPH) Howard Elwess scores Theodore Milner to third
|
|
Batting: RHB Van Starnes
|
0-0: Ball 1-0: Ground out 5-3 (Groundball, 5D, EV 104.4 MPH) Theodore Milner scores
|
|
Batting: RHB Henry Gatewood
|
0-0: DOUBLE (Line Drive, 7LS, EV 104.4 MPH)
|
|
Batting: RHB Jesus Aybar
|
0-0: Ball 1-0: Called Strike 1-1: Foul Ball, location: 2F 1-2: Ball 2-2: Ball 3-2: Strikes out swinging
|
| Top of the 4th over - 3 runs, 4 hits, 0 errors, 1 left on base; Minot 3 - Billings 2 |
| BOTTOM OF THE 4TH |
|
Billings Mustangs batting - Pitching for Minot Jets : RHP Ozzie Canseco
|
|
Batting: RHB Thomas Bocock
|
0-0: Called Strike 0-1: Ball 1-1: Called Strike 1-2: Ball 2-2: Ball 3-2: Strikes out looking
|
|
Batting: RHB Leonidas Nolasco
|
0-0: Called Strike 0-1: Called Strike 0-2: Foul Ball, location: 2F 0-2: Ball 1-2: Ground out 6-3 (Groundball, 56, EV 85.6 MPH)
|
|
Batting: RHB Brian Milner
|
0-0: Called Strike 0-1: Fly out, F7 (Flyball, 78D, EV 88.8 MPH)
|
| Bottom of the 4th over - 0 runs, 0 hits, 0 errors, 0 left on base; Minot 3 - Billings 2 |
| TOP OF THE 5TH |
|
Minot Jets batting - Pitching for Billings Mustangs : LHP Rick Felt
|
|
Batting: RHB Tony Beal
|
0-0: Ball 1-0: Swinging Strike 1-1: Ball 2-1: Ball 3-1: SINGLE (Line Drive, 56, EV 108.1 MPH)
|
|
Batting: SHB Ken Kinnard
|
0-0: Called Strike 0-1: Ball Tony Beal steals 2nd base (no throw) 1-1: Ball 2-1: Ball 3-1: Called Strike 3-2: Strikes out looking
|
|
Batting: RHB William Phillips
|
0-0: Called Strike 0-1: Ball 1-1: Called Strike 1-2: Ball 2-2: Ball 3-2: Base on Balls
|
|
Batting: SHB Howard Elwess
|
0-0: Ball Tony Beal steals 3rd base William Phillips to second 1-0: Called Strike 1-1: Ball 2-1: Foul Ball, location: 2F 2-2: SINGLE (Groundball, 25, EV 65.0 MPH) (infield hit)
|
|
Batting: LHB Theodore Milner
|
0-0: Grounds into fielders choice 4-2 (Groundball, 4S, EV 78.1 MPH) William Phillips to third Howard Elwess to second
|
|
Batting: RHB Andrew Snaith
|
0-0: Called Strike 0-1: Fielders Choice at 2nd, U4 (Groundball, 4M, EV 103.8 MPH)
|
| Top of the 5th over - 0 runs, 2 hits, 0 errors, 3 left on base; Minot 3 - Billings 2 |
| BOTTOM OF THE 5TH |
|
Billings Mustangs batting - Pitching for Minot Jets : RHP Ozzie Canseco
|
|
Batting: SHB Terrence Derby
|
0-0: Ball 1-0: Ball 2-0: Swinging Strike 2-1: Ball 3-1: Base on Balls
|
|
Batting: RHB Joseph Kramer
|
0-0: Called Strike 0-1: Ball 1-1: Swinging Strike 1-2: Ball 2-2: Ball 3-2: Foul Ball, location: 2F 3-2: Base on Balls Terrence Derby to second
|
|
Batting: LHB Dave Verkuilen
|
0-0: Ball 1-0: Called Strike 1-1: Foul Ball, location: 2F 1-2: Grounds into double play, 4-6-3 (Groundball, 4, EV 85.6 MPH) Terrence Derby to third
|
|
Batting: RHB James Hudson
|
0-0: Called Strike 0-1: Ball 1-1: Swinging Strike 1-2: Ball 2-2: Strikes out swinging
|
| Bottom of the 5th over - 0 runs, 0 hits, 0 errors, 1 left on base; Minot 3 - Billings 2 |
| TOP OF THE 6TH |
|
Minot Jets batting - Pitching for Billings Mustangs : LHP Rick Felt
|
|
Batting: RHB Van Starnes
|
0-0: Fly out, F5 (Popup, 15, EV 76.9 MPH)
|
|
Batting: RHB Henry Gatewood
|
0-0: Called Strike 0-1: Ball 1-1: Ball 2-1: Ball 3-1: Swinging Strike 3-2: Strikes out swinging
|
|
Batting: RHB Jesus Aybar
|
0-0: Called Strike 0-1: Ball 1-1: Ball 2-1: Ball 3-1: Foul Ball, location: 2F 3-2: Base on Balls
|
|
Batting: RHB Tony Beal
|
0-0: Ball 1-0: DOUBLE (Line Drive, 7LM, EV 107.5 MPH) Jesus Aybar to third Runner from 3rd tries for Home, SAFE, throw by LF to home
|
|
Batting: SHB Ken Kinnard
|
0-0: Ball Tony Beal steals 3rd base 1-0: Ball 2-0: Ball 3-0: Base on Balls
|
|
Batting: RHB William Phillips
|
0-0: Ball 1-0: Ball 2-0: Called Strike 2-1: TRIPLE (Flyball, 78XD, EV 108.1 MPH) Tony Beal scores Ken Kinnard scores
|
|
Pitching: RHP Jeffery Stewart
|
|
|
Batting: SHB Howard Elwess
|
0-0: Foul Ball, location: 2F 0-1: Ball 1-1: Ball 2-1: Swinging Strike 2-2: Strikes out swinging
|
| Top of the 6th over - 3 runs, 2 hits, 0 errors, 1 left on base; Minot 6 - Billings 2 |
| BOTTOM OF THE 6TH |
|
Billings Mustangs batting - Pitching for Minot Jets : RHP Ozzie Canseco
|
|
Batting: RHB Timothy Smith
|
0-0: Called Strike 0-1: Ball 1-1: Ground out 6-3 (Groundball, 56, EV 80.6 MPH)
|
|
Batting: RHB Randy Day
|
0-0: Ball 1-0: Called Strike 1-1: Foul Ball, location: 2F 1-2: Ball 2-2: Fly out, F7 (Flyball, 78M, EV 80.0 MPH)
|
|
Batting: RHB Thomas Bocock
|
0-0: Called Strike 0-1: Swinging Strike 0-2: SINGLE (Groundball, 6MD, EV 105.0 MPH)
|
|
Batting: RHB Leonidas Nolasco
|
0-0: Fly out, F4 (Flyball, 4D, EV 91.9 MPH)
|
| Bottom of the 6th over - 0 runs, 1 hit, 0 errors, 1 left on base; Minot 6 - Billings 2 |
| TOP OF THE 7TH |
|
Minot Jets batting - Pitching for Billings Mustangs : RHP Jeffery Stewart
|
|
Batting: LHB Theodore Milner
|
0-0: Foul Ball, location: 2F 0-1: Foul Ball, location: 2F 0-2: Ball 1-2: Foul Ball, location: 2F 1-2: Strikes out looking
|
|
Batting: RHB Andrew Snaith
|
0-0: Ball 1-0: Ball 2-0: Fly out, F3 (Popup, 3SF, EV 68.8 MPH)
|
|
Batting: RHB Van Starnes
|
0-0: Ball 1-0: Fly out, F2 (Popup, 3SF, EV 76.3 MPH)
|
| Top of the 7th over - 0 runs, 0 hits, 0 errors, 0 left on base; Minot 6 - Billings 2 |
| BOTTOM OF THE 7TH |
|
Billings Mustangs batting - Pitching for Minot Jets : RHP Ozzie Canseco
|
|
Batting: RHB Brian Milner
|
0-0: Called Strike 0-1: Swinging Strike 0-2: Foul Ball, location: 2F 0-2: Reached on error, E4 (Groundball, 4, EV 100.6 MPH)
|
|
Batting: SHB Terrence Derby
|
0-0: Called Strike 0-1: 2-RUN HOME RUN (Flyball, 9D, EV 97.5 MPH), Distance : 349 ft
|
|
Batting: RHB Joseph Kramer
|
0-0: Ball 1-0: Ball 2-0: Ball 3-0: Called Strike 3-1: Fly out, F9 (Flyball, 89M, EV 83.1 MPH)
|
|
Batting: LHB Dave Verkuilen
|
0-0: Ball 1-0: Ball 2-0: Ball 3-0: Called Strike 3-1: Called Strike 3-2: SINGLE (Groundball, 56D, EV 109.4 MPH)
|
|
Batting: RHB James Hudson
|
0-0: Ball 1-0: Called Strike 1-1: Foul Ball, location: 2F 1-2: Ball 2-2: Foul Ball, location: 2F 2-2: Grounds into double play, 4-6-3 (Groundball, 4, EV 81.3 MPH)
|
| Bottom of the 7th over - 2 runs, 2 hits, 1 error, 0 left on base; Minot 6 - Billings 4 |
| TOP OF THE 8TH |
|
Minot Jets batting - Pitching for Billings Mustangs : RHP Jeffery Stewart
|
|
Batting: RHB Henry Gatewood
|
0-0: Called Strike 0-1: Foul Ball, location: 2F 0-2: Foul Ball, location: 2F 0-2: Ball 1-2: Fly out, F8 (Flyball, 8LD, EV 99.4 MPH)
|
|
Batting: RHB Jesus Aybar
|
0-0: Swinging Strike 0-1: Swinging Strike 0-2: Ball 1-2: Ball 2-2: Foul Ball, location: 2F 2-2: Ground out 6-3 (Groundball, 6, EV 101.3 MPH)
|
|
Batting: RHB Tony Beal
|
0-0: Ball 1-0: Ball 2-0: Called Strike 2-1: Called Strike 2-2: SINGLE (Groundball, 6M, EV 101.3 MPH)
|
|
Batting: SHB Ken Kinnard
|
0-0: Ball 1-0: Called Strike 1-1: Ball 2-1: Fly out, F9 (Flyball, 89D, EV 106.3 MPH)
|
| Top of the 8th over - 0 runs, 1 hit, 0 errors, 1 left on base; Minot 6 - Billings 4 |
| BOTTOM OF THE 8TH |
|
Billings Mustangs batting - Pitching for Minot Jets : RHP Ozzie Canseco
|
|
Batting: RHB Timothy Smith
|
0-0: Ball 1-0: Ball 2-0: Called Strike 2-1: Foul Ball, location: 2F 2-2: Ball 3-2: Fly out, F7 (Flyball, 78D, EV 99.4 MPH)
|
|
Batting: RHB Randy Day
|
0-0: Ball 1-0: Ball 2-0: Foul Ball, location: 2F 2-1: Ball 3-1: Foul Ball, location: 2F 3-2: Foul Ball, location: 2F 3-2: Strikes out swinging
|
|
Batting: RHB Thomas Bocock
|
0-0: Ball 1-0: Foul Ball, location: 2F 1-1: Ground out 5-3 (Groundball, 56, EV 78.8 MPH)
|
| Bottom of the 8th over - 0 runs, 0 hits, 0 errors, 0 left on base; Minot 6 - Billings 4 |
| TOP OF THE 9TH |
|
Minot Jets batting - Pitching for Billings Mustangs : RHP Jeffery Stewart
|
|
Batting: RHB William Phillips
|
0-0: Ball 1-0: Foul Ball, location: 2F 1-1: Ball 2-1: Foul Ball, location: 2F 2-2: Ball 3-2: Strikes out swinging
|
|
Batting: SHB Howard Elwess
|
0-0: Foul Ball, location: 2F 0-1: Swinging Strike 0-2: Ball 1-2: Strikes out swinging
|
|
Batting: LHB Theodore Milner
|
0-0: Ball 1-0: Ball 2-0: Ball 3-0: Base on Balls
|
|
Batting: RHB Andrew Snaith
|
0-0: Swinging Strike 0-1: Ball 1-1: Swinging Strike 1-2: Foul Ball, location: 2F 1-2: Foul Ball, location: 2F 1-2: Ball 2-2: Strikes out swinging
|
| Top of the 9th over - 0 runs, 0 hits, 0 errors, 1 left on base; Minot 6 - Billings 4 |
| BOTTOM OF THE 9TH |
|
Billings Mustangs batting - Pitching for Minot Jets : RHP Ozzie Canseco
|
|
Pitching: RHP Danny Ontiveros
|
|
|
Batting: RHB Leonidas Nolasco
|
0-0: Ball 1-0: Ball 2-0: Ball 3-0: Called Strike 3-1: Swinging Strike 3-2: Foul Ball, location: 2F 3-2: Strikes out swinging
|
|
Batting: RHB Brian Milner
|
0-0: Called Strike 0-1: Swinging Strike 0-2: Strikes out swinging
|
|
Batting: SHB Terrence Derby
|
0-0: Swinging Strike 0-1: Ball 1-1: Called Strike 1-2: Strikes out swinging
|
| Bottom of the 9th over - 0 runs, 0 hits, 0 errors, 0 left on base; Minot 6 - Billings 4 |
|